 Dungeon Crawl Stone Soup version 0.29.1-15-g9cfb28693d (webtiles) character file.

Game seed: 10137926661890602199

439 venomsnake the Trooper (level 6, -7/56 HPs)
             Began as a Minotaur Abyssal Knight on Mar 25, 2023.
             Was an Elder of Lugonu.
             Mangled by a gnoll
             ... wielding a +1 spear of distortion
              (22 damage)
             ... on level 4 of the Dungeon.
             The game lasted 00:07:44 (4014 turns).

venomsnake the Trooper (Minotaur Abyssal Knight)    Turns: 4014, Time: 00:07:45

Health: -7/56      AC: 10    Str: 19    XL:     6   Next: 70%
Magic:  7/7        EV: 10    Int:  7    God:    Lugonu [****..]
Gold:   138        SH:  5    Dex: 11    Spells: 5/5 levels left

rFire   x . .      SeeInvis .   a - +1 falchion
rCold   + + .      Faith    .   (no shield)
rNeg    . . .      Spirit   .   k - +0 ice dragon scales
rPois   .          Reflect  +   (helmet restricted)
rElec   .          Harm     .   (no cloak)
rCorr   .          Rampage  .   (no gloves)
Will    .....                   (no boots)
Stlth   ..........              p - amulet of reflection
HPRegen 0.18/turn               (no ring)
MPRegen 0.10/turn               (no ring)

@: no status effects
A: horns 2, retaliatory headbutt
a: Renounce Religion, Depart the Abyss, Bend Space, Banish, Corrupt


You were on level 4 of the Dungeon.
You worshipped Lugonu.
Lugonu was greatly pleased with you.
You visited 1 branch of the dungeon, and saw 4 of its levels.
You visited the Abyss 1 time.

You collected 138 gold pieces.

Inventory:

Hand Weapons
 a - a +1 falchion (weapon)
Missiles
 o - 29 stones
Armour
 k - +0 ice dragon scales (worn)
Jewellery
 p - an amulet of reflection (around neck)
 r - an amulet of magic regeneration
Wands
 s - a wand of quicksilver (7)
Scrolls
 b - a scroll of acquirement {unknown}
 c - a scroll of immolation {unknown}
 d - a scroll of magic mapping {unknown}
 f - 4 scrolls of identify {unknown}
 i - 3 scrolls of enchant armour {unknown}
 j - a scroll of summoning {unknown}
 m - a scroll of amnesia {unknown}
 q - a scroll of teleportation {unknown}
 t - a scroll of silence {unknown}
Potions
 e - 3 potions of haste {unknown}
 g - 2 potions of brilliance {unknown}
 h - a potion of cancellation {unknown}
 l - 2 potions of lignification {unknown}
 n - a potion of invisibility {unknown}


   Skills:
 + Level 5.0 Fighting
 + Level 2.9(3.8) Short Blades
 + Level 4.1(4.6) Long Blades
 + Level 4.1 Armour
 + Level 3.2 Dodging
 + Level 3.2 Invocations


You had 5 spell levels left.
You didn't know any spells.
Your spell library contained the following spells:

 Spells                   Type           Power      Damage    Failure   Level
 Confusing Touch          Hex            0%         N/A       99%         3
 Yara's Violent Unravell  Hex/Tmut       0%         3d3       100%        5
 Enfeeble                 Hex            0%         N/A       100%        7


Dungeon Overview and Level Annotations

Branches:
Dungeon (4/15)
 Temple: D:4-7

Altars:
Dithmenos

Shops:
D:2 !

Portals:
Abyss: D:4

Annotations:
D:4 2 transporters, zeram's ghost, amateur SpHu


Innate Abilities, Weirdness & Mutations

You have a pair of horns on your head.
You reflexively headbutt those who attack you in melee.


Message History

You are too injured to fight recklessly!
You are too injured to fight recklessly!
You are too injured to fight recklessly!
You are too injured to fight recklessly!
You are too injured to fight recklessly!
You are too injured to fight recklessly!
You are too injured to fight recklessly!
You are too injured to fight recklessly!
You are too injured to fight recklessly!
You are too injured to fight recklessly!
You are too injured to fight recklessly!
You are too injured to fight recklessly!
You are too injured to fight recklessly!
You are too injured to fight recklessly!
You are too injured to fight recklessly!
The gnoll completely misses you.
The gnoll hits you with a +1 spear of distortion.
Space warps around you.
You hit the gnoll. Your headbutt misses the gnoll.
The gnoll is heavily wounded.
You block the gnoll's attack.
The gnoll hits you with a +1 spear of distortion.
Space warps around you.
You barely miss the gnoll. Your headbutt misses the gnoll.
The gnoll is heavily wounded.
The gnoll misses you. You furiously retaliate!
You headbutt the gnoll, but do no damage.
The gnoll hits you with a +1 spear of distortion.
You hit the gnoll.
You headbutt the gnoll, but do no damage.
Your punch misses the gnoll.
The gnoll is severely wounded.
The gnoll closely misses you. You furiously retaliate!
You headbutt the gnoll.
You kill the gnoll!
Lugonu accepts your kill.
The gnoll hits you with a +1 spear of distortion.
The gnoll hits you with a +1 spear of distortion.
* * * LOW HITPOINT WARNING * * *
Space warps horribly around you!!
You die...

#.....# # #........# $
^##..## #.# #(© 5#..####.#
#.## ##.......#.#.# ...
##........#.#.# #. ### ##
#.........#.#.#####.. ..##
.###.......g#.......'.
)..###©.#....)..@........# .
.....####...÷).)##.......##.#
............#................
............#................
#####...#####......).........
# #h.## #..†............. #
...## #..############## #
#............#
........<....#.#


You could see a gnoll (poisoned).

Vanquished Creatures
  Pargi (D:3)
  A jelly (D:4)
  An iguana (D:4)
  Natasha (thrice) (D:2)
  6 gnolls (D:4)
  4 river rats (D:3)
  3 adders
  A worm (D:2)
  2 dart slugs
  4 orcs
  5 ball pythons
  8 endoplasms
  3 giant cockroaches
  4 goblins
  6 hobgoblins
  6 jackals
  7 kobolds
  5 quokkas
  8 bats
  5 frilled lizards
  8 rats
91 creatures vanquished.

Notes
Turn   | Place    | Note
-------+----------+-------------------------------------------
     0 | Abyss:1  | venomsnake the Minotaur Abyssal Knight began the quest for
                  | the Orb.
     0 | Abyss:1  | Reached XP level 1. HP: 19/19 MP: 1/1
     1 | D:1      | Escaped the Abyss
   354 | D:1      | Reached XP level 2. HP: 27/27 MP: 2/2
   404 | D:1      | Reached skill level 1 in Short Blades
   689 | D:1      | Reached *** piety under Lugonu
   826 | D:1      | Reached XP level 3. HP: 33/33 MP: 3/3
  1394 | D:2      | Noticed Natasha
  1406 | D:2      | Killed Natasha
  1407 | D:2      | Reached skill level 4 in Fighting
  1512 | D:2      | Noticed Natasha
  1526 | D:2      | Killed Natasha
  1527 | D:2      | Reached XP level 4. HP: 26/40 MP: 4/4
  1613 | D:2      | Noticed Natasha
  1630 | D:2      | Killed Natasha
  1772 | D:2      | Found Quythyece's Distillery.
  2050 | D:2      | Reached XP level 5. HP: 46/46 MP: 5/5
  2508 | D:3      | Noticed Pargi
  2521 | D:3      | Killed Pargi
  2594 | D:3      | Found a shadowy altar of Dithmenos.
  2695 | D:3      | Reached XP level 6. HP: 53/53 MP: 7/7
  2785 | D:3      | Reached **** piety under Lugonu
  3135 | D:3      | Found a glowing drain.
  3648 | D:4      | Found a transporter.
  3654 | D:4      | Found a one-way gate to the infinite horrors of the Abyss.
  3654 | D:4      | Noticed zeram's ghost (amateur SpHu)
  3669 | D:4      | Noticed a toenail golem
  3696 | D:4      | Found a transporter.
  4010 | D:4      | Reached skill level 5 in Fighting
  4014 | D:4      | Mangled by a gnoll

Illustrated notes

Levels and vault maps discovered:
D:1:      dpeg_arrival_subterranean_lakeside_camping, layout_loops_corners
D:2:      minmay_chambers_of_ones, layout_loops_cross, serial_shops, shop,
          uniq_natasha
D:3:      layout_rooms, nicolae_dithmenos_shadow_blocks, serial_forest,
          infiniplex_forest_lined_3, infiniplex_forest_lined_corner,
          infiniplex_forest_corner_1, infiniplex_forest_fountain,
          infiniplex_forest_end_1, infiniplex_forest_straight_2,
          infiniplex_forest_diagonal, portal_sewer_entry_e,
          minmay_misc_feat_encased, kennysheep_flooded_box, uniq_pargi
D:4:      layout_basic, fedhas_altar_1, gammafunk_ghost_abyssal_escape,
          grunt_ministairs_13

Skill      XL: |  1  2  3  4  5  6 |
---------------+-------------------+-----
Invocations    | 2 3 |  3.2
Short Blades   | 1 2 |  2.9
Fighting       | 4 5 |  5.0
Long Blades    | 3 4 |  4.1
Armour         | 3 4 |  4.1
Dodging        | 2 3 |  3.2

Action                   |  1- 3 |  4- 6 || total
-------------------------+-------+-------++-------
Melee: Falchion          |    87 |   158 ||   245
       Headbutt          |    14 |    28 ||    42
       Punch             |       |     1 ||     1
Armor: Leather armour    |    16 |       ||    16
       Ice dragon scales |    22 |    73 ||    95
       Scale mail        |     2 |       ||     2
Dodge: Dodged            |    53 |    93 ||   146
Block: Other             |       |    41 ||    41
       Reflection        |       |     1 ||     1
